 Dungeon Crawl Stone Soup version 0.30.1-4-g462c640d31 (webtiles) character file.

Game seed: 5409284598638009095

16377 Anriel the Skirmisher (level 11, -4/86 HPs)
             Began as a Demigod Hunter on Sept 1, 2023.
             Slain by a yaktaur (17 damage)
             ... on level 11 of the Dungeon.
             The game lasted 01:04:44 (10782 turns).

Anriel the Skirmisher (Demigod Hunter)             Turns: 10782, Time: 01:04:45

Health: -4/86      AC:  5    Str: 12    XL:     11   Next: 80%
Magic:  22/22      EV: 25    Int: 15    God:
Gold:   224        SH:  5    Dex: 35    Spells: 17/20 levels left

rFire   . . .        a - +2 shortbow (heavy)
rCold   . . .        (shield currently unavailable)
rNeg    . . .        I - +0 troll leather armour
rPois   .            (no helmet)
rElec   .            v - +0 cloak
rCorr   .            w - -2 pair of gloves of Exclusion {Regen+ Int+4}
SInv    .            (no boots)
Will    +....        u - amulet of reflection
Stlth   ++++         i - +6 ring of dexterity
HPRegen 1.94/turn    n - +5 ring of evasion
MPRegen 0.18/turn

%: reflection
@: no status effects
A: high MP 1, forlorn, divine attributes
a: no special abilities


You were on level 11 of the Dungeon.
You visited 2 branches of the dungeon, and saw 12 of its levels.

You collected 644 gold pieces.
You spent 420 gold pieces at shops.

Inventory:

Hand Weapons
 a - a +2 heavy shortbow (weapon)
 A - the +7 longbow of Fokk {heavy, Fragile rN++ MP+9}
   (You took it off an orc on level 9 of the Dungeon)

   rN:        It greatly protects you from negative energy.
   MP:        It affects your magic capacity (+9).
   Fragile:   It will be destroyed if unequipped.
Missiles
 c - 3 throwing nets
Armour
 v - a +0 cloak (worn)
 w - the -2 pair of gloves of Exclusion (worn) {Regen+ Int+4}
   (You found it on level 8 of the Dungeon)

   Int:       It affects your intelligence (+4).
   Regen:     It increases your rate of health regeneration.
 D - a +1 ring mail of fire resistance
 E - +0 steam dragon scales
 G - a +2 robe of resistance
 I - a +0 troll leather armour (worn)
 J - the +1 pair of gloves "Orphekla" {-Tele rElec Int+4}
   (You found it on level 11 of the Dungeon)

   Int:       It affects your intelligence (+4).
   rElec:     It insulates you from electricity.
   -Tele:     It prevents most forms of teleportation.
Jewellery
 h - a ring of willpower
 i - a +6 ring of dexterity (left hand)
 j - a ring of fire
 k - a ring of willpower
 m - a ring of protection from fire
 n - a +5 ring of evasion (right hand)
 o - a ring of ice
 u - an amulet of reflection (around neck)
 y - a +6 ring of dexterity
Wands
 p - a wand of mindburst (10)
 s - a wand of iceblast (8)
Scrolls
 b - 3 scrolls of immolation
 d - 3 scrolls of teleportation
 g - a scroll of magic mapping
 B - 2 scrolls of amnesia
 F - 2 scrolls of fear
 H - a scroll of identify
Potions
 e - 4 potions of magic
 f - 2 potions of flight
 q - a potion of ambrosia
 r - a potion of might
 t - a potion of cancellation
 x - a potion of haste
 z - a potion of invisibility
 C - a potion of lignification
Miscellaneous
 K - a phantom mirror


   Skills:
 - Level 5.0 Fighting
 * Level 12.6 Ranged Weapons
 - Level 5.0 Armour
 + Level 7.2 Dodging
 - Level 5.0 Stealth
 - Level 5.0 Spellcasting
 + Level 3.1 Hexes
 - Level 5.0 Evocations


You had 17 spell levels left.
You knew the following spells:

 Your Spells              Type           Power      Damage    Failure   Level
a - Inner Flame           Hex/Fire       8%         N/A       32%         3

Your spell library contained the following spells:

 Spells                   Type           Power      Damage    Failure   Level
 Ensorcelled Hibernation  Hex/Ice        16%        N/A       17%         2
 Apportation              Tloc           6%         N/A       21%         1
 Necrotise                Necr           12%        1d4       21%         1
 Summon Small Mammal      Summ           12%        N/A       21%         1
 Passwall                 Tmut/Erth      2%         N/A       30%         2
 Dazzling Flash           Conj/Hex       16%        N/A       32%         3
 Frozen Ramparts          Ice            6%         1d1       52%         3
 Swiftness                Air            3%         N/A       52%         3
 Volatile Blastmotes      Fire/Tloc      6%         2d10      52%         3
 Flame Wave               Conj/Fire      3%         2d5       90%         4
 Ice Form                 Ice/Tmut       3%         N/A       90%         4
 Iskenderun's Mystic Bla  Conj/Tloc      3%         2d3       90%         4
 Sticky Flame             Conj/Fire      3%         2d3       90%         4
 Summon Ice Beast         Ice/Summ       3%         N/A       90%         4
 Silence                  Hex/Air        4%         N/A       97%         5
 Agony                    Necr           3%         N/A       99%         5
 Starburst                Conj/Fire      1%         6d3       100%        6


Dungeon Overview and Level Annotations

Branches:
Dungeon (11/15)            Temple (1/1) D:5            Lair (0/5) D:9
    Orc (0/2) D:11

Shops:
D:10 *


Innate Abilities, Weirdness & Mutations

You have an increased reservoir of magic. (+10% MP)
You shall have no god before yourself.
Your divine heritage dramatically boosts your attributes as you level up.


Message History

The bolt hits you!!
* * * LOW HITPOINT WARNING * * *
Fire: a) +2 shortbow (heavy)
Press: ? - help, Q - select action, (/) - cycle Shift-Dir - straight line, f/p - yaktaur
Aim: a yaktaur, wielding a +0 arbalest (severely wounded, 88% to hit)
You shoot an arrow. The arrow hits the yaktaur!!
You kill the yaktaur!
Your Hexes skill increases to level 3!
You shoot an arrow. The arrow hits the yaktaur.
The yaktaur is lightly wounded.
The yaktaur closely misses you.
You shoot an arrow.
The arrow completely misses the yaktaur.
The arrow hits the yaktaur.
The yaktaur is lightly wounded.
The yaktaur misses you.
You shoot an arrow. The arrow hits the yaktaur!!
The yaktaur is severely wounded.
The yaktaur hits you!
* * * LOW HITPOINT WARNING * * *
The yaktaur hits you!
* * * LOW HITPOINT WARNING * * *
You feel better. You block the yaktaur's attack.
You shoot an arrow. The arrow hits the yaktaur!!
You kill the yaktaur!
The yaktaur shoots a bolt.
The bolt misses you.
The yaktaur unwields a +0 arbalest.
The yaktaur hits you!
* * * LOW HITPOINT WARNING * * *
There is an open door, spattered with blood here.
Things that are here:
a +0 arbalest; a yaktaur corpse You shoot an arrow.
The arrow hits the yaktaur!!
The yaktaur is severely wounded.
The yaktaur completely misses you.
You shoot an arrow. The arrow hits the yaktaur!
The yaktaur is almost dead.
The yaktaur hits you!
* * * LOW HITPOINT WARNING * * *
You feel better. The yaktaur hits you!
You die...

####### ###########
..)..<. ..........#
####.......
..........####..@c).....
..........+....##.).....
.##.##...##.##.# .).....
##..(#####...#.# .......
#..#.......#...# .......
##...#####...### #+#####
##.## ##.## #.# #.# #.#
#.#


You could see a yaktaur.

Vanquished Creatures
  Harold (D:10)
  3 two-headed ogres
  Erica (D:11)
  Pikel (D:8)
  An orc knight (D:11)
  A wolf spider (D:10)
  A cyclops (D:11)
  Joseph (D:8)
  2 kobold demonologists
  A freezing wraith (D:10)
  4 yaktaurs (D:11)
  A komodo dragon (D:9)
  2 trolls (D:11)
  A wind drake (shapeshifter) (D:10)
  2 hornets
  A shadow (D:10)
  2 wyverns
  10 yaks
  2 wraiths
  2 vampire mosquitoes (D:10)
  3 steam dragons
  Edmund (D:6)
  An acid dragon (D:10)
  A water moccasin (D:7)
  8 orc warriors
  An ogre (D:6)
  2 sky beasts
  2 centaurs
  The ghost of Hydra2011 the Poker, an amateur DsGl (D:4)
  11 kobold brigands
  3 bullfrogs
  2 scorpions (D:4)
  8 wights (D:8)
  10 killer bees
  8 howler monkeys
  A centaur zombie (D:4)
  Crazy Yiuf (D:6)
  A bullfrog zombie (D:4)
  A centaur skeleton (D:4)
  9 orc priests
  6 hounds
  A bullfrog skeleton (D:4)
  3 gnoll boudas
  2 sleepcaps
  4 iguanas
  11 orc wizards
  13 gnolls
  8 adders
  2 shadow imps
  A white imp (D:7)
  4 ufetubi
  A worm (D:2)
  2 dart slugs
  51 orcs
  11 bats
  12 endoplasms
  3 giant cockroaches
  10 goblins
  6 hobgoblins
  3 jackals (D:2)
  31 kobolds
  2 quokkas (D:1)
  11 ball pythons
  2 frilled lizards (D:2)
  6 rats
321 creatures vanquished.

Vanquished Creatures (collateral kills)
  An ogre (D:4)
  4 kobold brigands (D:8)
5 creatures vanquished.

Grand Total: 326 creatures vanquished

Notes
Turn   | Place    | Note
-------+----------+-------------------------------------------
     0 | D:1      | Anriel the Demigod Hunter began the quest for the Orb.
     0 | D:1      | Reached XP level 1. HP: 17/17 MP: 3/3
    83 | D:1      | Reached skill level 1 in Stealth
   207 | D:1      | Reached XP level 2. HP: 24/24 MP: 4/4
   280 | D:1      | Reached skill level 4 in Ranged Weapons
   520 | D:1      | Reached XP level 3. HP: 29/29 MP: 5/5
  1471 | D:2      | Reached XP level 4. HP: 33/37 MP: 6/6
  2447 | D:3      | Reached XP level 5. HP: 44/44 MP: 7/7
  2448 | D:3      | Reached skill level 5 in Ranged Weapons
  3043 | D:4      | Noticed an ogre
  3052 | D:4      | Killed an ogre
  3053 | D:4      | Reached skill level 1 in Armour
  3194 | D:4      | Reached XP level 6. HP: 51/51 MP: 8/8
  3240 | D:4      | Found a transporter.
  3266 | D:4      | Found a transporter.
  3270 | D:4      | Noticed Hydra2011's ghost (amateur DsGl)
  3768 | D:5      | Entered Level 5 of the Dungeon
  4068 | D:5      | Reached XP level 7. HP: 43/57 MP: 9/9
  5007 | D:5      | Found a staircase to the Ecumenical Temple.
  5014 | Temple   | Entered the Ecumenical Temple
  5352 | D:4      | Killed Hydra2011's ghost
  5606 | D:6      | Reached XP level 8. HP: 63/63 MP: 10/10
  5825 | D:6      | Reached skill level 5 in Armour
  5825 | D:6      | Reached skill level 5 in Stealth
  5895 | D:6      | Noticed Edmund
  5911 | D:6      | Killed Edmund
  5912 | D:6      | Reached skill level 6 in Ranged Weapons
  6282 | D:6      | Found a runed translucent door.
  6283 | D:6      | Noticed Crazy Yiuf
  6287 | D:6      | Killed Crazy Yiuf
  6642 | D:7      | Reached skill level 7 in Ranged Weapons
  7048 | D:7      | Reached skill level 5 in Dodging
  7297 | D:8      | Identified the -2 pair of gloves of Exclusion {Regen+
                  | Int+4}
  7446 | D:8      | Noticed a kobold demonologist
  7451 | D:8      | Reached XP level 9. HP: 66/72 MP: 11/11
  7459 | D:8      | Noticed a sixfirhy
  7462 | D:8      | Killed a kobold demonologist
  7463 | D:8      | Reached skill level 1 in Evocations
  7470 | D:8      | Reached skill level 8 in Ranged Weapons
  7521 | D:8      | Reached skill level 5 in Fighting
  7644 | D:8      | Noticed Pikel
  7656 | D:8      | Killed Pikel
  7657 | D:8      | Reached skill level 1 in Spellcasting
  7708 | D:8      | Noticed Joseph
  7716 | D:8      | Killed Joseph
  7717 | D:8      | Reached skill level 9 in Ranged Weapons
  7950 | D:8      | Reached XP level 10. HP: 64/81 MP: 16/16
  8300 | D:9      | Found a staircase to the Lair.
  8432 | D:9      | Identified the +7 longbow of Fokk {heavy, Fragile rN++
                  | MP+9}
  8514 | D:9      | Reached skill level 10 in Ranged Weapons
  8698 | D:9      | Found a large runed translucent door.
  8701 | D:9      | Found a large runed translucent door.
  9031 | D:9      | Reached skill level 5 in Evocations
  9070 | D:10     | Entered Level 10 of the Dungeon
  9142 | D:10     | Noticed a two-headed ogre
  9154 | D:10     | Killed a two-headed ogre
  9261 | D:10     | Reached skill level 11 in Ranged Weapons
  9295 | D:10     | Noticed a two-headed ogre
  9311 | D:10     | Killed a two-headed ogre
  9312 | D:10     | Reached XP level 11. HP: 25/86 MP: 21/21
  9728 | D:10     | Found Fovvaf's Neck Hole.
  9733 | D:10     | Bought an amulet of reflection for 420 gold pieces
  9826 | D:10     | Noticed Harold
  9840 | D:10     | Killed Harold
  9880 | D:10     | Reached skill level 5 in Spellcasting
 10196 | D:10     | Learned a level 3 spell: Inner Flame
 10268 | D:11     | Reached skill level 1 in Hexes
 10289 | D:11     | Noticed Erica
 10296 | D:11     | Killed Erica
 10297 | D:11     | Reached skill level 12 in Ranged Weapons
 10433 | D:11     | Found a staircase to the Orcish Mines.
 10449 | D:11     | Noticed an orc knight
 10480 | D:11     | Killed an orc knight
 10593 | D:11     | Noticed a two-headed ogre
 10598 | D:11     | Killed a two-headed ogre
 10734 | D:11     | Identified the +1 pair of gloves "Orphekla" {-Tele rElec
                  | Int+4}
 10781 | D:11     | HP: 2/86 [yaktaur (17)]
 10782 | D:11     | Slain by a yaktaur

Illustrated notes

Levels and vault maps discovered:
D:1:      erik_arrival_blinker_ship, layout_basic, minmay_vboxes
D:2:      layout_basic, shapermc_ecumenical_altar_ellora, grunt_decor_arrowhead
D:3:      layout_basic, mainiacjoe_overflow_catwalk, minmay_misc_feat_diagonals
D:4:      layout_layer_cave, gammafunk_ghost_mausoleum
D:5:      cheibrodos_helix_gallery, layout_layer_cave,
          nicolae_sif_muna_little_library, minmay_temple_entry_junction
D:6:      layout_loops_ring, uniq_edmund, uniq_crazy_yiuf_cottage
D:7:      layout_basic
D:8:      layout_basic, special_room [special_room_kobold], uniq_pikel,
          uniq_joseph
D:9:      layout_roguey, nicolae_overflow_crystal_walls,
          mainiacjoe_overflow_paths, jmf_multi_god_temple2,
          mainiacjoe_overflow_six_doors_small, david_lair_shrubbed,
          serial_glass, glass_columns_b, glass_columns_a, glass_columns_a,
          glass_columns_c, due_unseen_surprise, unseen_surprise_small,
          minmay_strange_pillars
D:10:     nzn_winding_woodlands_medium [nzn_winding_woodlands_5x5_cross,
          nzn_winding_woodlands_5x15_sidewinder,
          nzn_winding_woodlands_5x5_default, nzn_winding_woodlands_5x5_three,
          nzn_winding_woodlands_center_lodge, nzn_winding_woodlands_hourglass,
          nzn_winding_woodlands_5x5_default,
          nzn_winding_woodlands_5x15_sawtooth,
          nzn_winding_woodlands_5x5_default], layout_irregular_city,
          nicolae_shop_sticking_my_neck_out, uniq_harold
D:11:     layout_roguey, david_orc_5, minmay_misc_feat_tower, uniq_erica
Temple:   nicolae_temple_bog_church

Skill      XL: |  1  2  3  4  5  6  7  8  9 10 11 |
---------------+----------------------------------+-----
Stealth        | 1 2 3 4 5 |  5.0
Fighting       | 2 3 4 5 |  5.0
Ranged Weapons | 4 5 7 9 11 12 | 12.6
Dodging        | 2 3 4 5 7 |  7.2
Armour         | 1 3 4 5 |  5.0
Evocations     | 3 5 |  5.0
Spellcasting   | 2 4 5 |  5.0
Hexes          | 3 |  3.1

Action                     |  1- 3 |  4- 6 |  7- 9 | 10-12 || total
---------------------------+-------+-------+-------+-------++-------
   Fire: Shortbow          |   111 |   141 |   291 |   321 ||   864
  Evoke: Wand              |       |       |       |     2 ||     2
    Use: Scroll            |     4 |     7 |    14 |     3 ||    28
         Potion            |       |       |       |     7 ||     7
 Armour: Leather armour    |    16 |     4 |    22 |     9 ||    51
         Ring mail         |       |       |       |     2 ||     2
         Steam dragon scal |       |       |       |     8 ||     8
         Troll leather arm |       |       |       |     1 ||     1
  Dodge: Dodged            |    41 |    40 |   228 |   205 ||   514
  Block: Other             |       |       |       |    18 ||    18
         Reflection        |       |       |       |     4 ||     4
